Construct Section Command Post
Construct Section Command Post
Selects Air and Sea Battlegroup
Construct Platoon Command Post
6-pounder Anti-tank Gun Team
6-pounder Anti-tank Gun Team
Construct Company Command Post
Selects Commando Section Paradrop
Selects Commando Support Section Paradrop
Commando Support Section Paradrop
Unlock M3 Grant Medium Tanks
Commando Section Paradrop
Selects Naval Bombardment
Selects Incendiary Bombing Run